[Event "*** Titled Tuesday 3|2 Blitz"]
[Site "Chess.com"]
[Date "2015.08.04"]
[Round "4"]
[White "Janosik"]
[Black "Haykos"]
[Result "1-0"]
[WhiteElo "2533"]
[BlackElo "2178"]
[TimeControl "180+2"]
[EndTime "12:19:10 PDT"]
[Termination "Janosik won by resignation"]

1. Nf3 g6 2. c4 Bg7 3. d4 d6 4.
g3 e5 5. dxe5 dxe5 6. Qxd8+ Kxd8 7. Nc3 f6 8. Be3 Be6 9. O-O-O+ Nd7 10. Nd2 c6 11. Nde4 Kc7 12. Nc5 Nxc5 13. Bxc5 Bf8 14. Bxf8 Rxf8 15. c5 b6 16. Bg2 Nh6 17. Rd6 Bd7 18.
Rhd1 Rf7 19. Ne4 Rhf8 20. Nxf6 Rxf6 21. Rxd7+ Kb8 22. Rxh7 Ng4 23. Rdd7 Nxf2 24. Rb7+ Kc8 25. Rxa7 Kb8 26. cxb6 e4 27. a4 Rd6 28. a5 Rfd8 29.
a6 Rd1+ 30. Kc2 R8d2+ 31. Kb3 1-0

[Event "*** Titled Tuesday 3|2 Blitz"]
[Site "Chess.com"]
[Date "2015.08.04"]
[Round "4"]
[White "LyonBeast"]
[Black "zmaj23"]
[Result "1-0"]
[WhiteElo "2707"]
[BlackElo "2499"]
[TimeControl "180+2"]
[EndTime "12:19:13 PDT"]
[Termination "LyonBeast won by resignation"]

1. e4 c5 2. Nf3 d6 3. Bb5+ Nd7 4. O-O Nf6 5. Re1 a6 6. Bf1 e6 7. c4 Be7 8. d4 cxd4 9. Nxd4 O-O 10. Nc3 Qc7 11.
b3 b6 12. Bb2 Bb7 13. Rc1 Rfd8 14. f3 Rac8 15. Kh1 Qb8 16. Qd2 Bf8 17. Rcd1 d5 18.
exd5 exd5 19. Nf5 dxc4 20. Qg5 Rc5 21. Nh6+ Kh8 22. Nxf7+ Kg8 23. Nxd8 Rxg5 24. Bxc4+ Nd5 25. Nxb7 Nf6 26. Nxd5 Nxd5 27. Rxd5 Rxd5 28. Bxd5+ Kh8 29. Bc6 Qf4 30. Re8 h5 31. Be4 Qf7 32. Nd6 Qf4 33. Nf5 Kh7 34. Ne7+ Kh6 35. Ng8+ Kg5 36. Re5+ 1-0

[Event "*** Titled Tuesday 3|2 Blitz"]
[Site "Chess.com"]
[Date "2015.08.04"]
[Round "4"]
[White "Fawolizzo"]
[Black "DanielNaroditsky"]
[Result "0-1"]
[WhiteElo "1897"]
[BlackElo "2509"]
[TimeControl "180+2"]
[EndTime "12:19:14 PDT"]
[Termination "DanielNaroditsky won on time"]

1. d4 c5 2. c4 cxd4 3. Qxd4 Nc6 4. Qd1 g6 5. Nf3 Bg7 6. Nc3 Nf6 7. g3 b6 8. Bg2 Ba6 9. Qa4 Bb7 10. O-O O-O 11. h3 Rc8 12. Be3 Na5 13. b3 d5 14.
Rad1 e6 15. Qa3 Re8 16. c5 bxc5 17. Bxc5 Nd7 18. b4 Nc4 19. Qb3 Nxc5 20. bxc5 Ba6 21. Ne4 Qe7 22. Nd6 Nxd6 23. cxd6 Qxd6 24. Rfe1 Bc3 25.
Nd2 Qb4 26. Qc2 d4 27. Bf3 f5 28. g4 d3 29. exd3 Qf4 30. Kg2 Be5 0-1

[Event "*** Titled Tuesday 3|2 Blitz"]
[Site "Chess.com"]
[Date "2015.08.04"]
[Round "4"]
[White "ChessMavenYeti"]
[Black "Sunil"]
[Result "1-0"]
[WhiteElo "2041"]
[BlackElo "1868"]
[TimeControl "180+2"]
[EndTime "12:19:14 PDT"]
[Termination "ChessMavenYeti won by checkmate"]

1. d4 Nf6 2. c4 g6 3. Nc3 Bg7 4. e4 d6 5. Nf3 O-O 6. Be2 e5 7. O-O Nc6 8. d5 Ne7 9. Ne1 Nd7 10. Nd3 f5 11. Bd2 Nf6 12. f3 f4 13.
g4 g5 14. Be1 h5 15. h3 Ng6 16.
Bf2 Kf7 17. Kg2 Rh8 18. Rh1 Bd7 19. Qb3 b6 20. c5 bxc5 21. Qc4 Qe7 22. Bxc5 dxc5 23.
Nxc5 Kf8 24. Rad1 hxg4 25. hxg4 Rxh1 26. Kxh1 Ne8 27. Nb5 Bxb5 28. Qxb5 Nd6 29. Qc6 Rd8 30. Ne6+ Kf7 31. Nxd8+ Qxd8 32. Rc1 Qh8+ 33. Kg1 Bf8 34.
Qxc7+ Be7 35. Qxa7 Qh4 36. Qf2 Qh3 37. Qh2 Qxh2+ 38.
Kxh2 Bd8 39. b4 Ne7 40. b5 Bb6 41. a4 Nb7 42. Bc4 Ke8 43. Ba2 Kd7 44. Kg2 Kd6 45. Kf1 Nc5 46. Rc4 Nb7 47. Ke2 Na5 48. Rc1 Bc5 49.
Rh1 Bb4 50. Kd3 Nb7 51. Rh6+ Kc5 52. Re6 Nc8 53. Rc6# 1-0

[Event "*** Titled Tuesday 3|2 Blitz"]
[Site "Chess.com"]
[Date "2015.08.04"]
[Round "4"]
[White "Tobi-Wan-Kenobi"]
[Black "rhungaski"]
[Result "1-0"]
[WhiteElo "2365"]
[BlackElo "2485"]
[TimeControl "180+2"]
[EndTime "12:19:24 PDT"]
[Termination "Tobi-Wan-Kenobi won by resignation"]

1. e4 d6 2. d4 Nf6 3. Nc3 e5 4. Nf3 Nbd7 5. g4 Nxg4 6. Rg1 Ngf6 7. Be3 c6 8. Qd3 Qa5 9. O-O-O b5 10. dxe5 dxe5 11.
Rg5 b4 12. Nxe5 bxc3 13. Nxd7 cxb2+ 14. Kb1 Qc7 15. Re5+ Be7 16. Bc5 Ng8 17. Bh3 Qxe5 18. Nxe5 Bxh3 19. Qxh3 Nf6 20. Bxe7 Kxe7 21. Nxc6+ Kf8 22.
Qa3+ 1-0

[Event "*** Titled Tuesday 3|2 Blitz"]
[Site "Chess.com"]
[Date "2015.08.04"]
[Round "4"]
[White "aNONoNonono"]
[Black "proxy6"]
[Result "0-1"]
[WhiteElo "1992"]
[BlackElo "1919"]
[TimeControl "180+2"]
[EndTime "12:19:28 PDT"]
[Termination "proxy6 won by resignation"]

1. e4 e5 2. Nf3 Nc6 3. d4 exd4 4. Nxd4 Nf6 5. Nxc6 bxc6 6. Bd3 d6 7. O-O Be7 8. c4 O-O 9. Nc3 Ba6 10. f4 Re8 11. b3 Nd7 12. Bb2 Nc5 13. Bc2 Bf6 14. Qf3 Ne6 15.
Rad1 Nd4 16. Qf2 Nxc2 17. Qxc2 Qe7 18. Rde1 Bd4+ 19. Kh1 Qh4 20. Nd1 Bxb2 21. Qxb2 d5 22. g3 Qh5 23. Qc2 dxe4 24. Rxe4 c5 25. Kg1 Bb7 26. Re3 Rxe3 27. Nxe3 Re8 28. Re1 Qf3 29.
Qd3 Qh1+ 30. Kf2 Qxh2+ 31. Kf1 Qh1+ 32. Kf2 Qf3+ 33. Kg1 Qxg3+ 34. Kf1 Bg2+ 0-1

[Event "*** Titled Tuesday 3|2 Blitz"]
[Site "Chess.com"]
[Date "2015.08.04"]
[Round "4"]
[White "Fh2411"]
[Black "FairChess_on_YouTube"]
[Result "0-1"]
[WhiteElo "2160"]
[BlackElo "2719"]
[TimeControl "180+2"]
[EndTime "12:19:50 PDT"]
[Termination "FairChess_on_YouTube won on time"]

1. d4 f5 2. Nf3 Nf6 3. g3 g6 4.
Bg2 Bg7 5. O-O O-O 6. c4 d6 7. b3 e5 8. Nc3 Nc6 9. e3 e4 10. Nd2 g5 11. a4 g4 12. Ba3 Qe8 13.
b4 Nd8 14. b5 Ne6 15. Qb3 Kh8 16. c5 dxc5 17. dxc5 Ng5 18. Rfd1 Be6 19. Qc2 Qh5 20. Ne2 Nd5 21. Nf4 Nxf4 22. exf4 Nf3+ 23. Nxf3 gxf3 24.
Bf1 Qf7 25. Bb2 Rad8 26. Bxg7+ Kxg7 27. Qc3+ Qf6 28. Qe3 Rxd1 29. Rxd1 Rd8 30. Rxd8 Qxd8 31. Qc3+ Kf7 32. Qe5 b6 33. c6 Qd6 34. Qh8 Kg6 35. h4 h5 36. Qe8+ Bf7 37. Qd7 Kf6 38. Qxd6+ cxd6 0-1

[Event "*** Titled Tuesday 3|2 Blitz"]
[Site "Chess.com"]
[Date "2015.08.04"]
[Round "4"]
[White "petrpalachev"]
[Black "Mugzyyy"]
[Result "0-1"]
[WhiteElo "2360"]
[BlackElo "2573"]
[TimeControl "180+2"]
[EndTime "12:19:51 PDT"]
[Termination "Mugzyyy won on time"]

1. d4 Nf6 2. c4 b6 3. Nf3 Bb7 4.
e3 g6 5. Nc3 Bg7 6. Be2 O-O 7.
O-O e6 8. b4 c5 9. a3 d6 10. Bb2 Nc6 11. Qb3 Qe7 12. Rfd1 Rab8 13. Rac1 Nd7 14. d5 Nce5 15. Nxe5 Nxe5 16. dxe6 fxe6 17.
f4 Nf7 18. Nb5 Bxb2 19. Qxb2 a6 20. Nc3 Qf6 21. Na4 e5 22. Nxb6 Qe7 23. bxc5 exf4 24. exf4 Qe3+ 25. Kh1 dxc5 26. Qc3 Qxe2 27. Nd5 Bxd5 28.
cxd5 Rb2 29. Rg1 Nd6 0-1

[Event "*** Titled Tuesday 3|2 Blitz"]
[Site "Chess.com"]
[Date "2015.08.04"]
[Round "4"]
[White "pedromartinez91"]
[Black "alturas_pacificas"]
[Result "0-1"]
[WhiteElo "2121"]
[BlackElo "2093"]
[TimeControl "180+2"]
[EndTime "12:19:52 PDT"]
[Termination "alturas_pacificas won by checkmate"]

1. e4 e5 2. Nf3 Nf6 3. Nxe5 d6 4. Nf3 Nxe4 5. d4 d5 6. Bd3 Bd6 7. O-O O-O 8. c4 c6 9. cxd5 cxd5 10. Nc3 Nxc3 11. bxc3 Bg4 12. Rb1 Nd7 13. Rb5 Nb6 14. h3 Bh5 15. c4 Bxf3 16. Qxf3 dxc4 17. Be4 Qd7 18. Rh5 g6 19. Rh6 Rac8 20. Bg5 f5 21. Bxb7 Rc7 22. Bd5+ Kg7 23. Rh4 Nxd5 24. Bh6+ Kh8 25.
Bxf8 Bxf8 26. g4 c3 27. gxf5 Qxf5 28. Qg3 c2 29. Rc1 Rc3 30. Qb8 Kg8 31. Rg4 Rxh3 32.
Rg3 Rxg3+ 33. Qxg3 Nf4 34. Qb3+ Kg7 35. Rxc2 Qg4+ 36. Kf1 Qd1# 0-1

[Event "*** Titled Tuesday 3|2 Blitz"]
[Site "Chess.com"]
[Date "2015.08.04"]
[Round "4"]
[White "aripov96"]
[Black "darkknight123456"]
[Result "1-0"]
[WhiteElo "2239"]
[BlackElo "2085"]
[TimeControl "180+2"]
[EndTime "12:20:17 PDT"]
[Termination "aripov96 won on time"]

1. e4 c5 2. c3 Nf6 3. e5 Nd5 4. d4 cxd4 5. cxd4 Nc6 6. Nf3 d6 7. Bc4 Nb6 8. Bb5 dxe5 9. Nxe5 Bd7 10. Nxd7 Qxd7 11. Nc3 e6 12. O-O Be7 13. a4 a6 14.
Bxc6 Qxc6 15. Qg4 O-O 16. Bh6 Bf6 17. Rfd1 Kh8 18. Ne4 e5 19. Nxf6 Qxf6 20. Bg5 Qg6 21. Qh4 exd4 22. Rxd4 f6 23. Be3 Qc2 24. Rf1 Nc8 25.
Rd7 1-0

[Event "*** Titled Tuesday 3|2 Blitz"]
[Site "Chess.com"]
[Date "2015.08.04"]
[Round "4"]
[White "GMBenjaminBok"]
[Black "MITerryble"]
[Result "0-1"]
[WhiteElo "2428"]
[BlackElo "2586"]
[TimeControl "180+2"]
[EndTime "12:20:24 PDT"]
[Termination "MITerryble won on time"]

1. e4 e6 2. d4 d5 3. Nd2 Be7 4.
Ngf3 Nf6 5. e5 Nfd7 6. Bd3 c5 7.
c3 Nc6 8. O-O g5 9. dxc5 Ndxe5 10. Bb5 Bd7 11. b4 Bf6 12. Nxe5 Nxe5 13. Be2 Nc6 14.
Qb3 a5 15. b5 a4 16. Qa3 Ne5 17. Bb2 O-O 18. c4 Ng6 19. cxd5 exd5 20. Rfd1 Nf4 21.
Bf1 Bg4 22. f3 Bf5 23. Ne4 Bxe4 24. fxe4 Bxb2 25. Qxb2 Qe7 26. exd5 Qxc5+ 27. Kh1 f6 28. d6 Rad8 29. Rac1 Qf5 30. Qd4 Rd7 31. g3 Ng6 32. Bc4+ Kg7 33. Bd3 Qe5 34. Bxg6 Qxd4 35. Rxd4 Kxg6 36.
Rc7 Rfd8 0-1

[Event "*** Titled Tuesday 3|2 Blitz"]
[Site "Chess.com"]
[Date "2015.08.04"]
[Round "4"]
[White "Storne89"]
[Black "AnthonyWirig"]
[Result "1-0"]
[WhiteElo "2485"]
[BlackElo "2514"]
[TimeControl "180+2"]
[EndTime "12:20:29 PDT"]
[Termination "Storne89 won by resignation"]

1. e4 c5 2. Nf3 e6 3. d4 cxd4 4.
Nxd4 a6 5. c4 Nf6 6. Nc3 Bb4 7.
Qf3 Nc6 8. Nxc6 dxc6 9. e5 Nd7 10. Qg3 Qa5 11. Bf4 h5 12. h4 b5 13. Be2 Bb7 14.
O-O g6 15. Ne4 O-O-O 16. a3 Be7 17. b4 Qc7 18. cxb5 axb5 19. Nd6+ Bxd6 20. exd6 Qb8 21. a4 e5 22. Bg5 f6 23. axb5 Qxd6 24. bxc6 Bxc6 25.
Rfc1 Kb8 26. Qe3 Qd4 27. Qa3 Kc7 28. b5 Nb8 29. Be3 Qd5 30. bxc6 Nxc6 31. Rab1 Ra8 32. Qe7+ Kc8 33. Qxf6 1-0

[Event "*** Titled Tuesday 3|2 Blitz"]
[Site "Chess.com"]
[Date "2015.08.04"]
[Round "4"]
[White "MattyDPerrine"]
[Black "WarlordX"]
[Result "0-1"]
[WhiteElo "2235"]
[BlackElo "2202"]
[TimeControl "180+2"]
[EndTime "12:20:29 PDT"]
[Termination "WarlordX won on time"]

1. d4 Nf6 2. c4 e6 3. Nc3 Bb4 4.
Qc2 d5 5. cxd5 Nxd5 6. e4 Nxc3 7. bxc3 Be7 8. Nf3 c5 9. a3 cxd4 10. cxd4 O-O 11. Bd3 Nc6 12. Bb2 Qa5+ 13. Bc3 Qh5 14. O-O b6 15. d5 Na5 16. Bxa5 bxa5 17. d6 Bxd6 18. Qc6 Bf4 19. Qxa8 Ba6 20. Qxf8+ Kxf8 21. Bxa6 g5 22. h3 Qg6 23. Rfe1 h5 24. Rab1 g4 25. hxg4 hxg4 26. Nh4 Qh5 27. g3 Bd6 28. Re3 Kg7 29.
Rb7 Qe5 30. Rbb3 Bc5 31. Re1 Be7 32. Ng2 Bc5 33. Bd3 Qxg3 34. Re2 Qe5 0-1

[Event "*** Titled Tuesday 3|2 Blitz"]
[Site "Chess.com"]
[Date "2015.08.04"]
[Round "4"]
[White "GregShahade"]
[Black "Hikaru"]
[Result "0-1"]
[WhiteElo "2306"]
[BlackElo "2854"]
[TimeControl "180+2"]
[EndTime "12:20:35 PDT"]
[Termination "Hikaru won by resignation"]

1. e4 e5 2. Nf3 Nc6 3. Bb5 Nf6 4. d3 Bc5 5. c3 d6 6. O-O O-O 7. h3 a6 8. Ba4 b5 9. Bc2 h6 10. Re1 Bb6 11. Nbd2 Be6 12. Nf1 Ne7 13. Be3 c5 14. Ng3 Ng6 15. a3 d5 16. exd5 Nxd5 17. Bd2 Bc7 18.
Ne4 Qe7 19. b4 cxb4 20. axb4 Bb6 21. c4 Nxb4 22. Bxb4 Qxb4 23. c5 Ba7 24. Rxa6 Bxc5 25. Rxe6 Bxf2+ 26. Nxf2 fxe6 27. d4 Nf4 28. dxe5 Qc5 29.
Be4 Rad8 30. Qc2 Nxh3+ 31. gxh3 Qxc2 32. Bxc2 Rxf3 33. Be4 Rf4 34. Bc6 b4 35. Rb1 Rd2 36. Ne4 Rc2 37. Bb7 Rc7 38. Ba8 Rf8 39. Ra1 b3 40. Nd2 b2 41. Rb1 Rc1+ 0-1

[Event "*** Titled Tuesday 3|2 Blitz"]
[Site "Chess.com"]
[Date "2015.08.04"]
[Round "4"]
[White "bugsbunny444"]
[Black "lexiel"]
[Result "0-1"]
[WhiteElo "2310"]
[BlackElo "2296"]
[TimeControl "180+2"]
[EndTime "12:20:40 PDT"]
[Termination "lexiel won by resignation"]

1. Nf3 Nf6 2. c4 d6 3. g3 c6 4. Bg2 e5 5. O-O Nbd7 6. Nc3 g6 7.
d3 Bg7 8. h3 O-O 9. e4 Nc5 10.
Be3 Qe7 11. Qd2 Rd8 12. Rae1 d5 13. exd5 cxd5 14. Nxe5 d4 15. Bxd4 Rxd4 16. Nc6 Qd7 17. Re7 bxc6 18. Rxd7 Bxd7 19. Qe3 Nh5 20. Qe7 Nxd3 21. b3 Re8 22. Qa3 Ne1 23. Qxa7 Nxg2 24. Kxg2 Rd2 25. Nd1 Bf5 26. g4 Be4+ 27. Kg1 Nf4 28. Qe3 Bh6 29. Qg3 Ne2+ 0-1

[Event "*** Titled Tuesday 3|2 Blitz"]
[Site "Chess.com"]
[Date "2015.08.04"]
[Round "4"]
[White "jefferyx"]
[Black "wonderfultime"]
[Result "0-1"]
[WhiteElo "2424"]
[BlackElo "2641"]
[TimeControl "180+2"]
[EndTime "12:20:42 PDT"]
[Termination "wonderfultime won by resignation"]

1. b4 d5 2. Bb2 Bf5 3. e3 e6 4. a3 Nf6 5. Be2 Nbd7 6. d3 Bd6 7.
g4 Be4 8. dxe4 Nxe4 9. h4 Be5 10. Bxe5 Nxe5 11. Qd4 Qd6 12. Nc3 Nxc3 13. Qxc3 O-O 14. f4 Nd7 15. Nf3 c5 16. Kf2 Rac8 17. b5 Nf6 18.
Ke1 d4 19. exd4 Qxf4 20. d5 Qg3+ 21. Kd1 Rfd8 22. Kc1 Rxd5 23. Kb2 c4 24. Rad1 Rxb5+ 25. Ka1 Nd5 26. Qd4 Qd6 27. Ka2 Ra5 28. Qb2 b5 29.
c3 Qc5 30. Nd4 b4 31. cxb4 Nxb4+ 32. Kb1 Nd5 33. Nc2 Rb5 0-1

[Event "*** Titled Tuesday 3|2 Blitz"]
[Site "Chess.com"]
[Date "2015.08.04"]
[Round "4"]
[White "Genghis_K"]
[Black "Keaton87"]
[Result "1-0"]
[WhiteElo "2577"]
[BlackElo "2434"]
[TimeControl "180+2"]
[EndTime "12:20:42 PDT"]
[Termination "Genghis_K won on time"]

1. e4 c5 2. Nf3 d6 3. d4 Nf6 4. Nc3 cxd4 5. Nxd4 g6 6. Be3 Bg7 7. f3 O-O 8. Qd2 Nc6 9. Bc4 Bd7 10. h4 Rc8 11. Bb3 h5 12. O-O-O Ne5 13. Kb1 Re8 14.
g4 hxg4 15. h5 Nxh5 16. Rdg1 Rxc3 17. bxc3 e6 18. Bh6 Qf6 19. fxg4 Bxh6 20. Qxh6 Qg7 21. Qd2 Nf6 22. g5 Nxe4 23. Qe3 d5 24. Rh4 Rc8 25. Rgh1 Rxc3 26. Rh8+ Qxh8 27. Rxh8+ Kxh8 28. Qf4 Nf3 29. Qxf7 Nxd4 30. Qxd7 Rf3 31. Qd8+ Kg7 32. Qc7+ Rf7 33. Qe5+ Kh7 34. Qxd4 b6 35. Qe5 Nc5 36. Kb2 a5 37.
Qb8 Nd7 38. Qc7 1-0

[Event "*** Titled Tuesday 3|2 Blitz"]
[Site "Chess.com"]
[Date "2015.08.04"]
[Round "4"]
[White "BjarkeSahl"]
[Black "Carolina-moon"]
[Result "0-1"]
[WhiteElo "2109"]
[BlackElo "1986"]
[TimeControl "180+2"]
[EndTime "12:20:42 PDT"]
[Termination "Carolina-moon won by resignation"]

1. d4 f5 2. Nf3 Nf6 3. g3 g6 4.
Bg2 Bg7 5. O-O O-O 6. c4 d6 7. b3 c6 8. Bb2 Qc7 9. e3 a5 10. a3 Ne4 11. Nbd2 Nxd2 12. Qxd2 e5 13. dxe5 dxe5 14. Rfd1 Na6 15. e4 Nc5 16. exf5 Nxb3 17. Qc3 Nxa1 18. fxg6 hxg6 19. Rxa1 Bg4 20. Nxe5 Rae8 21.
f4 Qb6+ 22. c5 Qb5 23. Re1 Bf5 24. Bf1 Qa4 25. Bc4+ Kh7 26. g4 Bxg4 27. Re4 Qd1+ 28. Re1 Bxe5 29. fxe5 Qf3 30. Re3 Qf2+ 31. Kh1 Bf3+ 32.
Rxf3 Rxf3 33. e6 Rxc3 0-1

[Event "*** Titled Tuesday 3|2 Blitz"]
[Site "Chess.com"]
[Date "2015.08.04"]
[Round "4"]
[White "KyronGriffith"]
[Black "kesarev"]
[Result "0-1"]
[WhiteElo "2240"]
[BlackElo "2197"]
[TimeControl "180+2"]
[EndTime "12:20:49 PDT"]
[Termination "kesarev won by checkmate"]

1. e4 c5 2. Nf3 e6 3. b3 b6 4. Bb2 Bb7 5. Nc3 Nf6 6. Qe2 Nc6 7. e5 Nd5 8. Ne4 Be7 9. g3 f5 10. exf6 Nxf6 11. Neg5 Qc7 12. Bg2 h6 13. Nh3 g5 14.
Ne5 Nd4 15. Bxd4 Bxg2 16. Rg1 Bxh3 17. Bc3 Bf5 18. O-O-O O-O-O 19. Nf7 Rhf8 20. Nxd8 Rxd8 21. h4 Nd5 22. Be5 Qc6 23. hxg5 hxg5 24. Rh1 g4 25. Rh6 Kb7 26. a4 Rc8 27. d3 Nb4 28. Kb2 Qd5 29. Bc3 Bd6 30. Rf6 a5 31. Rf7 Kc6 32. Re1 Qf3 33.
Qd2 Nd5 34. Be5 Bxe5+ 35. Rxe5 Rh8 36. Qg5 Qxf2 37. Qg7 Qd4+ 38. Ka2 Nb4+ 39. Ka3 Qa1# 0-1

[Event "*** Titled Tuesday 3|2 Blitz"]
[Site "Chess.com"]
[Date "2015.08.04"]
[Round "4"]
[White "Ar4uha"]
[Black "goldaxe"]
[Result "1-0"]
[WhiteElo "2391"]
[BlackElo "2161"]
[TimeControl "180+2"]
[EndTime "12:20:50 PDT"]
[Termination "Ar4uha won on time"]

1. e4 e5 2. Nf3 Nc6 3. d4 exd4 4.
Nxd4 Nf6 5. Nxc6 bxc6 6. Bd3 d5 7. O-O dxe4 8. Qe1 Be7 9. Bxe4 Nxe4 10. Qxe4 O-O 11. Qxc6 Rb8 12. Nc3 Bb7 13. Qc4 Bd6 14. Be3 Ba8 15. b3 Rb4 16. Qd3 Bxh2+ 17. Kxh2 Qh4+ 18.
Kg1 Bxg2 19. f3 Bxf3 20. Rxf3 Rg4+ 21. Kf1 Qh1+ 22. Ke2 Rg2+ 23. Bf2 Re8+ 24. Kd2 Qxa1 25. Qd7 Qe1+ 26. Kd3 Qe6 27. Qxe6 Rxe6 28. Bd4 h5 29. Bxa7 Rd6+ 30. Ke3 g5 31. Ne4 Re6 32. Kd4 g4 33. Rf5 h4 34. Rg5+ Kh7 35. Bb8 h3 36. Bxc7 Kh6 37. Rg8 1-0

[Event "*** Titled Tuesday 3|2 Blitz"]
[Site "Chess.com"]
[Date "2015.08.04"]
[Round "4"]
[White "ajkom197"]
[Black "myaccount88"]
[Result "1-0"]
[WhiteElo "2259"]
[BlackElo "2173"]
[TimeControl "180+2"]
[EndTime "12:20:56 PDT"]
[Termination "ajkom197 won by resignation"]

1. d4 Nf6 2. Bf4 d5 3. e3 g6 4. Nf3 Bg7 5. h3 O-O 6. Nbd2 Nbd7 7. Bd3 c5 8. c3 b6 9. O-O Bb7 10. Qe2 Ne4 11. Rae1 Rc8 12. Ba6 Bxa6 13. Qxa6 Nxd2 14. Nxd2 Ra8 15. Qe2 e5 16. dxe5 Nxe5 17. Bxe5 Bxe5 18. e4 d4 19. Nf3 Bg7 20. cxd4 cxd4 21. Rd1 Re8 22.
Rd2 Qd6 23. Rfd1 d3 24. Rxd3 Qb4 25. e5 Qf4 26. Re3 Re7 27. e6 Rae8 28. exf7+ Qxf7 29. Rxe7 Qxe7 30. Qxe7 Rxe7 31. Rd2 Rc7 32. g3 b5 33. Kg2 b4 34. b3 Bc3 35. Rd5 Re7 36. Nd4 Kg7 37. Nc6 Rc7 38. Nd4 Re7 39. Kf3 Re1 40.
Rd7+ Kf6 41. Ne2 a5 42. Ra7 Rd1 43. Rxa5 Rd3+ 44. Ke4 Rd2 45. Ke3 Rc2 46. Nxc3 bxc3 47. Rc5 Rxa2 48. Rxc3 h5 49. Rc6+ Kf5 50. Rb6 Rb2 51.
Rb5+ Kf6 52. Kf3 1-0

[Event "*** Titled Tuesday 3|2 Blitz"]
[Site "Chess.com"]
[Date "2015.08.04"]
[Round "4"]
[White "WanderingPuppet"]
[Black "Prolta"]
[Result "1-0"]
[WhiteElo "2185"]
[BlackElo "1710"]
[TimeControl "180+2"]
[EndTime "12:20:57 PDT"]
[Termination "WanderingPuppet won by resignation"]

1. e4 e6 2. d4 d5 3. Nc3 Nf6 4. Bg5 Be7 5. e5 Nfd7 6. h4 a6 7. Qg4 Rg8 8. Nf3 h6 9. Bxh6 c5 10. dxc5 Bxc5 11. Bd3 Nf8 12. h5 Nc6 13. Bxg7 Be7 14.
h6 Qa5 15. h7 Nxh7 16. Bxh7 Rxg7 17. Qxg7 Bf8 18. Qg4 Bd7 19. O-O O-O-O 20. Bd3 Nb4 21. a3 Nc6 22. Rfe1 Ne7 23. Nd4 Ng6 24. Bxg6 fxg6 25.
Nce2 Bc5 26. b4 Bxb4 27. axb4 Qb6 28. c3 Kb8 29. Rab1 Qc6 30. Nxc6+ Bxc6 31. Nd4 Re8 32.
Nxc6+ bxc6 33. Qxg6 Rc8 34. Qxe6 Kb7 35. Qd7+ Rc7 36.
Qd6 Rc8 37. e6 Rc7 38. e7 Rc8 39. e8=Q Rc7 40. Qed8 Rc8 41. Q8d7+ 1-0

[Event "*** Titled Tuesday 3|2 Blitz"]
[Site "Chess.com"]
[Date "2015.08.04"]
[Round "4"]
[White "Tesla37"]
[Black "Imre91"]
[Result "0-1"]
[WhiteElo "2523"]
[BlackElo "2614"]
[TimeControl "180+2"]
[EndTime "12:21:10 PDT"]
[Termination "Imre91 won on time"]

1. e4 e6 2. d4 d5 3. Nd2 Nc6 4. Ngf3 Nf6 5. e5 Nd7 6. Be2 f6 7. exf6 Nxf6 8. O-O Bd6 9. c4 O-O 10.
c5 Bf4 11. Bb5 Bd7 12. Nb3 Ne4 13. Be3 Qf6 14. Re1 Qh6 15. Qe2 g5 16. Bxf4 Rxf4 17.
Qe3 Raf8 18. Re2 g4 19. Nfd2 Ng5 20. Qg3 Qf6 21. Rae1 h5 22. Qe3 h4 23. Bxc6 Bxc6 24. Qe5 Qg6 25. Qxc7 Nf3+ 26. Kf1 Nxh2+ 27. Kg1 Nf3+ 28.
Kf1 Nxe1 29. Kxe1 Bb5 30. Re5 Rxf2 31. Qe7 Rf1+ 32. Nxf1 Qb1+ 33. Kd2 Qd3+ 34. Kc1 Rxf1+ 0-1

[Event "*** Titled Tuesday 3|2 Blitz"]
[Site "Chess.com"]
[Date "2015.08.04"]
[Round "4"]
[White "hansen"]
[Black "Konavets"]
[Result "1-0"]
[WhiteElo "2492"]
[BlackElo "2453"]
[TimeControl "180+2"]
[EndTime "12:21:17 PDT"]
[Termination "hansen won by resignation"]

1. e4 c5 2. Nf3 e6 3. d4 cxd4 4. Nxd4 a6 5. Bd3 Bc5 6. Nb3 Ba7 7. Qg4 Nf6 8. Qg3 O-O 9. Nc3 Nc6 10. Bg5 Nh5 11. Qh4 f6 12. Bd2 g6 13. O-O-O Ne5 14. Be2 Ng7 15. f4 Nf7 16. Bf3 d6 17. Kb1 Bd7 18. Bc1 Rc8 19. e5 fxe5 20. Qxd8 Rcxd8 21. Bxb7 exf4 22. Bxf4 e5 23. Bc1 Bg4 24. Rdf1 Ne6 25.
h3 Rb8 26. Bd5 Bf5 27. g4 Rxb3 28. gxf5 Rxc3 29. fxe6 Rc5 30. exf7+ Kg7 31. c4 h6 32.
Rd1 Rc7 33. Rhf1 Bd4 34. b3 Re7 35. Bb2 Bc5 36. Kc2 a5 37. Bc3 Ra7 38. h4 Rb8 39. Rf3 Kf8 40. Rdf1 a4 41. Bd2 axb3+ 42. axb3 Ra2+ 43.
Kd1 Ra1+ 44. Ke2 Ra2 45. Rd1 Kg7 46. Kf1 Rf8 47. Be3 Bb4 48. Rf2 Ra3 49. Rd3 Ra1+ 50. Kg2 Re1 51. Bb6 e4 52. Re3 Rxe3 53. Bxe3 Bc3 54.
Bxe4 Rxf7 55. Bxh6+ Kg8 56. Bd5 1-0

[Event "*** Titled Tuesday 3|2 Blitz"]
[Site "Chess.com"]
[Date "2015.08.04"]
[Round "4"]
[White "Mr_Penings"]
[Black "MFBerna"]
[Result "1-0"]
[WhiteElo "2230"]
[BlackElo "2056"]
[TimeControl "180+2"]
[EndTime "12:21:30 PDT"]
[Termination "Mr_Penings won on time"]

1. c4 e6 2. Nf3 d5 3. g3 Nf6 4.
Bg2 Be7 5. O-O O-O 6. b3 c5 7. Bb2 Nc6 8. e3 b6 9. Qe2 Bb7 10. Rd1 Qc7 11. Nc3 Rad8 12. Rac1 Qb8 13. d3 a6 14. Na4 Ba8 15. a3 Rd7 16. cxd5 exd5 17. Bh3 Rdd8 18. Nh4 g6 19. Qf3 d4 20. e4 Ne5 21.
Qe2 Nh5 22. Ng2 Bc6 23. f4 Nd7 24. Ba1 Ng7 25. Nb2 b5 26. Rf1 f5 27. b4 fxe4 28.
bxc5 Nxc5 29. dxe4 d3 30. Qe3 Qb6 31. Kh1 d2 32.
Rc2 Bxe4 33. Rxd2 Rxd2 34. Qxd2 Nb3 35. Qe2 Qb7 36. Nd3 Nxa1 37. Rxa1 Nf5 38. Re1 Bd5 39. Ne5 Rc8 40. Rd1 Rc3 41. Qd2 Rxg3 42. hxg3 Nxg3+ 43.
Kh2 Bxg2 44. Bxg2 Ne4 45. Qd5+ 1-0

[Event "*** Titled Tuesday 3|2 Blitz"]
[Site "Chess.com"]
[Date "2015.08.04"]
[Round "4"]
[White "chessking2151"]
[Black "NowInChess"]
[Result "1-0"]
[WhiteElo "2005"]
[BlackElo "1957"]
[TimeControl "180+2"]
[EndTime "12:21:35 PDT"]
[Termination "chessking2151 won by checkmate"]

1. e4 e6 2. d4 d5 3. Nd2 Nf6 4.
e5 Nfd7 5. f4 c5 6. Ngf3 Nc6 7.
c3 Qb6 8. Nb3 c4 9. Nbd2 Be7 10.
Be2 Qa5 11. Nf1 b5 12. Ne3 b4 13. Bd2 g6 14. Qc2 b3 15. Qb1 bxa2 16. Rxa2 Qb5 17. h4 h5 18. Bd1 Nb6 19. Bc2 Bd7 20.
Kf2 Na5 21. g4 Nb3 22. f5 hxg4 23. fxg6 gxf3 24. gxf7+ Kd8 25. Be1 Kc7 26. Kxf3 Bxh4 27. Qd1 Bxe1 28. Qxe1 Rhf8 29. Rh7 Be8 30. Bg6 Kc6 31.
Kg2 Bd7 32. Ng4 a5 33. Nf6 a4 34. Rg7 a3 35. bxa3 Na4 36. Rf2 Qa5 37. Nh7 Nxd4 38. Nxf8 Rxf8 39. Rg8 Nb5 40. Rxf8 Nbxc3 41. Rc8+ Bxc8 42.
f8=Q Qc7 43. Rf7 Qb8 44. Bc2 Qa8 45. Bxa4+ Nxa4 46. Qd6+ Kb5 47. Qeb4# 1-0

[Event "*** Titled Tuesday 3|2 Blitz"]
[Site "Chess.com"]
[Date "2015.08.04"]
[Round "4"]
[White "GMG"]
[Black "ChadaevNikolay"]
[Result "1-0"]
[WhiteElo "2411"]
[BlackElo "2596"]
[TimeControl "180+2"]
[EndTime "12:21:55 PDT"]
[Termination "GMG won by resignation"]

1. Nf3 Nf6 2. d4 g6 3. Bf4 Bg7 4. e3 O-O 5. h3 d6 6. Be2 Nc6 7. O-O Bf5 8. c4 Ne4 9. Bh2 Re8 10.
Nbd2 e5 11. d5 Nxd2 12. Nxd2 Ne7 13. Bg4 e4 14. Rb1 h5 15. Be2 a5 16. g4 hxg4 17. hxg4 Bd7 18. Nxe4 Nxd5 19. cxd5 Rxe4 20. Bf3 Re8 21.
Kg2 f5 22. Bf4 Qf6 23. g5 Qe7 24. Rh1 Ra6 25. b3 a4 26. b4 Bb5 27. Rc1 Raa8 28. Qc2 Rac8 29. a3 Qf7 30. Qd2 Rcd8 31. Rh4 Rd7 32.
Rch1 Bc4 33. Qd1 b5 34. Kg3 Kf8 35. Rh7 Ke7 36. Be2 Kd8 37. Bxc4 bxc4 38. Qxa4 Qxd5 39. Rd1 Qb7 40. f3 c3 41. b5 Kc8 42. Qc4 Red8 43. a4 d5 44. Qd3 d4 45. Rxg7 Rxg7 46. exd4 Rh7 47. Qxc3 Rdh8 48. Kg2 Rh4 49. Bg3 Rg4 50.
d5 Rxg5 51. Qxh8+ Kd7 52. Qg7+ Kc8 53. Qf8+ Kd7 54. Qf7+ Kc8 55. Qe6+ Kb8 56. Qe8+ Ka7 57. Qe3+ 1-0